 Dungeon Crawl Stone Soup version 0.31-a0-175-g9f7f995f2b (webtiles) character file.

Game seed: 7364232681036897102

149 qw the Shooter (level 5, -2/32 HPs)
             Began as a Gargoyle Hunter on June 16, 2023.
             Slain by a lemure (4 damage)
             ... led by Pikel
             ... on level 4 of the Dungeon.
             The game lasted 00:01:00 (2031 turns).

qw the Shooter (Gargoyle Hunter)                    Turns: 2031, Time: 00:01:00

Health: -2/32      AC:  9    Str: 15    XL:     5   Next: 31%
Magic:  5/5        EV: 11    Int:  9    God:
Gold:   82         SH:  0    Dex: 15    Spells: 4/4 levels left

rFire   . . .        Y - +1 shortbow
rCold   . . .        (shield currently unavailable)
rNeg    + . .        g - +0 ring mail
rPois   inf          (no helmet)
rElec   +            (no cloak)
rCorr   .            (no gloves)
SInv    .            (no boots)
Will    .....        (no amulet)
Stlth   +            (no ring)
HPRegen 0.25/turn    (no ring)
MPRegen 0.09/turn

%: no passive effects
@: no status effects
A: sickness immunity, AC +4, negative energy resistance 1, electricity
resistance, torment resistance 1, petrification resistance
a: no special abilities


You were on level 4 of the Dungeon.
You visited 1 branch of the dungeon, and saw 4 of its levels.

You collected 82 gold pieces.


Innate Abilities, Weirdness & Mutations

You are immune to sickness and miasma.
Your stone body is resilient. (AC +4)
You are immune to poison.
You resist negative energy. (rN+)
You are resistant to electric shocks. (rElec)
You are resistant to unholy torment.
You are immune to petrification.


   Skills:
 + Level 3.0 Fighting
 - Level 6.0 Ranged Weapons
 - Level 1.0 Armour
 - Level 1.5 Dodging
 - Level 1.1 Stealth


You had 4 spell levels left.
You didn't know any spells.
Your spell library was empty.

Inventory:

Hand Weapons
 Y - a +1 shortbow (weapon)
Armour
 g - a +0 ring mail (worn)
Jewellery
 e - a ring of fire
Scrolls
 a - 2 scrolls of enchant armour
 d - a scroll of identify
Potions
 c - a potion of invisibility {unknown}
 f - a potion of heal wounds {unknown}
 i - 2 potions of haste
 j - a potion of magic {unknown}

Dungeon Overview and Level Annotations

Branches:
Dungeon (4/15)
 Temple: D:4-7

Altars:
Ashenzari
Fedhas
Zin

Annotations:
D:4 Eustachio, Pikel


Message History

You hear a shout!
You shoot an arrow. The arrow hits the lemure!
The lemure is moderately wounded.
You shoot an arrow.
The arrow hits the lemure but does no damage.
The lemure is moderately wounded.
The lemure completely misses you. The lemure hits you. x2
You shoot an arrow. The arrow hits the lemure!
The lemure is severely wounded.
The lemure hits you.
Eustachio the Magnificent comes into view.
He is wielding a +0 falchion and wearing a +3 leather armour of fire resistance.
You shoot an arrow.
The arrow hits the lemure but does no damage.
The lemure is severely wounded.
The lemure hits you but does no damage.
Pikel zaps a wand.
You suddenly lose the ability to move!
The lemure hits you!
Pikel hits you with a +1 whip of freezing.
Pikel freezes you. The lemure hits you but does no damage.
The lemure barely misses you.
Pikel hits you with a +1 whip of freezing.
Pikel freezes you. The lemure hits you.
Eustachio gestures wildly while chanting.
Eustachio blinks!
The lemure hits you.
Pikel zaps a wand.
You resist with some effort. The lemure hits you but does no damage.
You can move again.
You shoot an arrow. The arrow barely misses the lemure.
The arrow closely misses the lemure.
The lemure closely misses you. Pikel hits you but does no damage.
The lemure hits you but does no damage.
You shoot an arrow. The arrow hits the lemure.
The lemure is almost dead.
The lemure closely misses you.
Pikel zaps a wand.
You shrug off the repeated paralysis!
The lemure closely misses you.
You shoot an arrow. The arrow barely misses the lemure.
The arrow hits the lemure.
The lemure is lightly wounded.
The lemure hits you.
You die...

#...........
+.<.........
#...........
#.##..###+##
####.##..##..####+
#.................
#..............?..
#.................
##########@#######
.....5K55......
......55.......
.......@.......
...............
...............
...............
...............


You could see Eustachio, Pikel, 4 lemures and an ufetubus.

Vanquished Creatures
  4 gnolls
  5 adders
  A worm (D:2)
  2 dart slugs (D:1)
  4 bats (D:1)
  4 endoplasms
  4 giant cockroaches
  5 goblins
  5 hobgoblins
  A quokka (D:3)
  8 ball pythons
  5 frilled lizards
  5 kobolds
  8 rats
61 creatures vanquished.

Notes
Turn   | Place    | Note
-------+----------+-------------------------------------------
     0 | D:1      | qw the Gargoyle Hunter began the quest for the Orb.
     0 | D:1      | Reached XP level 1. HP: 12/12 MP: 1/1
     0 | D:1      | 0 ||| qw: Version: 0.2-a-29-g511e9b1
     0 | D:1      | 0 ||| qw: Game counter: 5799
     0 | D:1      | 0 ||| qw: Always use a shield: true
     0 | D:1      | 0 ||| qw: God list: Okawaru
     0 | D:1      | 0 ||| qw: Allow faded altars: false
     0 | D:1      | 0 ||| qw: Do Orc after D:15 true
     0 | D:1      | 0 ||| qw: Do second Lair branch before Depths: true
     0 | D:1      | 0 ||| qw: Lair rune preference: random
     0 | D:1      | 0 ||| qw: Plans: Normal, Zot:1-4, Slime:5, God:TSO, Crypt,
                  | Tomb, Abyss, Pan, Hells, Win
     0 | D:1      | 0 ||| PLANNING D:1-11
    49 | D:1      | Reached XP level 2. HP: 17/17 MP: 2/2
    69 | D:1      | 69 ||| FLEEEEING.
    70 | D:1      | 70 ||| FLEEEEING.
    71 | D:1      | 71 ||| FLEEEEING.
    72 | D:1      | 72 ||| FLEEEEING.
    73 | D:1      | 73 ||| FLEEEEING.
   277 | D:1      | Reached XP level 3. HP: 16/21 MP: 3/3
   316 | D:1      | Reached skill level 5 in Ranged Weapons
   470 | D:1      | 470 ||| READING scroll labelled WEUNEANT VOISE.
   484 | D:1      | 484 ||| READING scroll labelled EVA TEUNI.
   485 | D:1      | 485 ||| READING scroll labelled BUIKLI KUYRGHA.
   486 | D:1      | 486 ||| READING scroll labelled NYATHR ZIDIT.
   487 | D:1      | 487 ||| READING scroll labelled YCROTYEREPP.
   488 | D:1      | 488 ||| READING scroll labelled CEXZUR UVVUEXT.
   489 | D:1      | 489 ||| DROPPING scroll of butterflies.
   715 | D:2      | Reached skill level 3 in Fighting
   794 | D:2      | Found a broken altar of Ashenzari.
   988 | D:2      | 988 ||| UPGRADING to +0 ring mail.
   998 | D:2      | 998 ||| DROPPING +0 leather armour.
   999 | D:2      | 999 ||| READING 3 scrolls labelled IRPHIT GUFETUH.
  1000 | D:2      | 1000 ||| READING scroll labelled MURCHE VEDERE.
  1001 | D:2      | 1001 ||| READING scroll labelled UMAOLI ITIUXU.
  1008 | D:2      | 1008 ||| READING scroll labelled DUPRAE NIGUY.
  1009 | D:2      | 1009 ||| DRINKING 2 golden potions.
  1115 | D:2      | 1115 ||| READING 2 scrolls of identify.
  1115 | D:2      | 1115 ||| IDENTIFYING smoky puce potion
  1116 | D:2      | 1116 ||| DROPPING potion of berserk rage.
  1199 | D:3      | Reached skill level 1 in Armour
  1199 | D:3      | Reached XP level 4. HP: 28/28 MP: 4/4
  1203 | D:3      | Found a faded altar of an unknown god.
  1441 | D:3      | Found a blossoming altar of Fedhas.
  1650 | D:3      | Reached XP level 5. HP: 17/32 MP: 5/5
  1650 | D:3      | 1650 ||| FLEEEEING.
  1651 | D:3      | 1651 ||| FLEEEEING.
  1652 | D:3      | 1652 ||| FLEEEEING.
  1653 | D:3      | 1653 ||| FLEEEEING.
  1654 | D:3      | 1654 ||| FLEEEEING.
  1655 | D:3      | 1655 ||| FLEEEEING.
  1656 | D:3      | 1656 ||| FLEEEEING.
  1657 | D:3      | 1657 ||| FLEEEEING.
  1658 | D:3      | 1658 ||| FLEEEEING.
  1659 | D:3      | 1659 ||| FLEEEEING.
  1660 | D:3      | 1660 ||| FLEEEEING.
  1661 | D:3      | 1661 ||| FLEEEEING.
  1662 | D:3      | 1662 ||| FLEEEEING.
  1663 | D:3      | 1663 ||| FLEEEEING.
  1664 | D:3      | 1664 ||| FLEEEEING.
  1665 | D:3      | 1665 ||| FLEEEEING.
  1666 | D:3      | 1666 ||| FLEEEEING.
  1667 | D:3      | 1667 ||| FLEEEEING.
  1668 | D:3      | 1668 ||| FLEEEEING.
  1669 | D:3      | 1669 ||| FLEEEEING.
  1670 | D:3      | 1670 ||| FLEEEEING.
  1671 | D:3      | 1671 ||| FLEEEEING.
  1672 | D:3      | 1672 ||| FLEEEEING.
  1673 | D:3      | 1673 ||| FLEEEEING.
  1674 | D:3      | 1674 ||| FLEEEEING.
  1675 | D:3      | 1675 ||| FLEEEEING.
  1676 | D:3      | 1676 ||| FLEEEEING.
  1677 | D:3      | 1677 ||| FLEEEEING.
  1678 | D:3      | 1678 ||| STAIRDANCE
  1708 | D:2      | 1708 ||| READING scroll labelled FERINO NEURINI.
  1712 | D:3      | 1712 ||| STAIRDANCE
  1951 | D:3      | Reached skill level 6 in Ranged Weapons
  1958 | D:3      | Found a glowing silver altar of Zin.
  2018 | D:4      | Noticed Pikel
  2018 | D:4      | Noticed a lemure
  2018 | D:4      | Noticed a lemure
  2018 | D:4      | Noticed a lemure
  2020 | D:4      | Noticed a lemure
  2024 | D:4      | Noticed Eustachio
  2025 | D:4      | Paralysed by Pikel for 4 turns
  2027 | D:4      | HP: 7/32 [Pikel/+1 whip of freezing (5)]
  2027 | D:4      | HP: 2/32 [lemure[Pikel] (4)]
  2031 | D:4      | Slain by a lemure

Levels and vault maps discovered:
D:1:      psy_arrival_whirlpool, layout_rooms, minmay_tromino_v4_c
D:2:      layout_rooms, basic_altar
D:3:      layout_basic, mainiacjoe_overflow_24_doors, marbit_many_paths,
          shapermc_ecumenical_altar_rom_forum, ebering_dispersal_statue_hall
D:4:      layout_gridville, mainiacjoe_overflow_alcove_1, lemuel_doored_altar,
          temple_pool_b, minmay_bisected, uniq_pikel, uniq_eustachio,
          uniq_grinder

Skill      XL: |  1  2  3  4  5 |
---------------+----------------+-----
Ranged Weapons | 5 6 |  6.0
Fighting       | 3 |  3.0
Armour         | 1 |  1.0
Dodging        | |  1.5
Stealth        | |  1.1

Action                     |  1- 3 |  4- 6 || total
---------------------------+-------+-------++-------
   Fire: Shortbow          |   112 |    75 ||   187
    Use: Scroll            |    11 |     1 ||    12
         Potion            |     1 |       ||     1
 Armour: Leather armour    |     6 |       ||     6
         Ring mail         |     2 |    15 ||    17
  Dodge: Dodged            |    14 |    34 ||    48

Table legend:
 A = Non-vault XP
 B = Vault XP
 C = Vault XP percentage of total XP
 D = Non-vault monster count
 E = Vault monster count
 F = Vault count percentage of total count
                 A         B        C        D         E       F
            +---------+---------+-------+---------+---------+-------
      Total |     197 |      17 |   7.9 |      58 |       3 |   4.9
            +---------+---------+-------+---------+---------+-------
        D:1 |      46 |       3 |   6.1 |      27 |       2 |   6.9
        D:2 |      61 |       0 |   0.0 |      14 |       0 |   0.0
        D:3 |      90 |      14 |  13.5 |      17 |       1 |   5.6
            +---------+---------+-------+---------+---------+-------
